TOP OF THE 1ST |
Gresham Gold Souls batting - Pitching for Albuquerque Isotopes : RHP César De La Cruz
|
Pitching: RHP César De La Cruz
|
|
Batting: RHB Jesús Gutiérrez
|
0-0: SINGLE (Groundball, 34D)
|
Batting: LHB Bill Smith
|
0-0: Ball 1-0: SINGLE (Groundball, 34) (infield hit) Jesús Gutiérrez to second
|
Batting: RHB Peter Hensley
|
0-0: Called Strike 0-1: Ball 1-1: Ball 2-1: Swinging Strike 2-2: Ball 3-2: Grounds into double play, 6-4-3 (Groundball, 6) Jesús Gutiérrez to third
|
Batting: RHB Lorenzo Morín
|
0-0: Called Strike 0-1: Foul Ball, location: 2F 0-2: Ball 1-2: Ball 2-2: Foul Ball, location: 2F 2-2: Foul Ball, location: 2F 2-2: Fly out, F7 (Flyball, 7)
|
Top of the 1st over - 0 run(s), 2 hit(s), 0 error(s), 1 left on base; Gresham 0 - Albuquerque 0 |
BOTTOM OF THE 1ST |
Albuquerque Isotopes batting - Pitching for Gresham Gold Souls : RHP José González
|
Pitching: RHP José González
|
|
Batting: RHB Dave Mullen
|
0-0: Called Strike 0-1: Fly out, F8 (Flyball, 8LD)
|
Batting: LHB António De Los Ángeles
|
0-0: Called Strike 0-1: Ball 1-1: Ball 2-1: Foul Ball, location: 2F 2-2: Strikes out swinging
|
Batting: LHB Bernardo Montés
|
0-0: Swinging Strike 0-1: Ball 1-1: Foul Ball, location: 2F 1-2: Foul Ball, location: 2F 1-2: Ball 2-2: Ball 3-2: Fly out, F9 (Flyball, 9LSF)
|
Bottom of the 1st over - 0 run(s), 0 hit(s), 0 error(s), 0 left on base; Gresham 0 - Albuquerque 0 |
TOP OF THE 2ND |
Gresham Gold Souls batting - Pitching for Albuquerque Isotopes : RHP César De La Cruz
|
Batting: RHB Luke McIndoe
|
0-0: Fly out, F6 (Popup, 6D)
|
Batting: RHB Pablo Castillo
|
0-0: Ground out 6-3 (Groundball, 6)
|
Batting: RHB Matt Davidson
|
0-0: Called Strike 0-1: Swinging Strike 0-2: Ball 1-2: Ground out 5-3 (Groundball, 5)
|
Top of the 2nd over - 0 run(s), 0 hit(s), 0 error(s), 0 left on base; Gresham 0 - Albuquerque 0 |
BOTTOM OF THE 2ND |
Albuquerque Isotopes batting - Pitching for Gresham Gold Souls : RHP José González
|
Batting: LHB Mark Vestal
|
0-0: Ball 1-0: Called Strike 1-1: Ball 2-1: Foul Ball, location: 2F 2-2: Strikes out swinging
|
Batting: RHB Lorenzo Ayala
|
0-0: Called Strike 0-1: Ground out 3-1 (Groundball, 34S)
|
Batting: RHB Gonzalo Gil
|
0-0: Ball 1-0: Swinging Strike 1-1: Swinging Strike 1-2: Ball 2-2: Ball 3-2: Foul Ball, location: 2F 3-2: Foul Ball, location: 2F 3-2: Hit by Pitch
|
Batting: RHB Juan Alberto
|
0-0: Called Strike 0-1: Ball 1-1: Ball 2-1: 2-RUN HOME RUN (Flyball, 78XD), Distance : 392 ft
|
Batting: LHB Fernando Ortíz
|
0-0: Ball 1-0: Ball 2-0: Ball 3-0: Called Strike 3-1: Foul Ball, location: 2F 3-2: SINGLE (Groundball, 34D)
|
Batting: LHB Bob Smith
|
0-0: Called Strike 0-1: Ball 1-1: Swinging Strike 1-2: Ball 2-2: Foul Ball, location: 2F 2-2: Foul Ball, location: 2F 2-2: Ball Fernando Ortíz steals 2nd base 3-2: Strikes out looking
|
Bottom of the 2nd over - 2 run(s), 2 hit(s), 0 error(s), 1 left on base; Gresham 0 - Albuquerque 2 |
TOP OF THE 3RD |
Gresham Gold Souls batting - Pitching for Albuquerque Isotopes : RHP César De La Cruz
|
Batting: SHB Todd Smith
|
0-0: Foul Ball, location: 2F 0-1: Swinging Strike 0-2: Ball 1-2: Strikes out swinging
|
Batting: LHB Jeff Doss
|
0-0: Called Strike 0-1: Swinging Strike 0-2: Ball 1-2: Ball 2-2: Ball 3-2: Base on Balls
|
Batting: RHB Jesús Gutiérrez
|
0-0: Swinging Strike 0-1: Fly out, F6 (Line Drive, 6) Lined into DP, 6-3 (Line Drive, 6)
|
Top of the 3rd over - 0 run(s), 0 hit(s), 0 error(s), 0 left on base; Gresham 0 - Albuquerque 2 |
BOTTOM OF THE 3RD |
Albuquerque Isotopes batting - Pitching for Gresham Gold Souls : RHP José González
|
Batting: RHB Dave Mullen
|
0-0: Swinging Strike 0-1: Ground out 4-3 (Groundball, 4)
|
Batting: LHB António De Los Ángeles
|
0-0: Ball 1-0: Ball 2-0: Called Strike 2-1: Ball 3-1: Called Strike 3-2: Foul Ball, location: 2F 3-2: Strikes out looking
|
Batting: LHB Bernardo Montés
|
0-0: Fly out, F7 (Flyball, 7S)
|
Bottom of the 3rd over - 0 run(s), 0 hit(s), 0 error(s), 0 left on base; Gresham 0 - Albuquerque 2 |
TOP OF THE 4TH |
Gresham Gold Souls batting - Pitching for Albuquerque Isotopes : RHP César De La Cruz
|
Batting: LHB Bill Smith
|
0-0: Ball 1-0: Ball 2-0: DOUBLE (Flyball, 7)
|
Batting: RHB Peter Hensley
|
0-0: Called Strike 0-1: Ground out 6-3 (Groundball, 6)
|
Batting: RHB Lorenzo Morín
|
0-0: Ball 1-0: Ball 2-0: Ball 3-0: Called Strike 3-1: Base on Balls
|
Batting: RHB Luke McIndoe
|
0-0: Swinging Strike 0-1: Grounds into double play, 5-4-3 (Groundball, 56)
|
Top of the 4th over - 0 run(s), 1 hit(s), 0 error(s), 1 left on base; Gresham 0 - Albuquerque 2 |
BOTTOM OF THE 4TH |
Albuquerque Isotopes batting - Pitching for Gresham Gold Souls : RHP José González
|
Batting: LHB Mark Vestal
|
0-0: Called Strike 0-1: Ground out 6-3 (Groundball, 6M)
|
Batting: RHB Lorenzo Ayala
|
0-0: SINGLE (Line Drive, 56D)
|
Batting: RHB Gonzalo Gil
|
0-0: Called Strike 0-1: Ball 1-1: Ball 2-1: Foul Ball, location: 2F 2-2: Ball 3-2: Grounds into double play, 6-4-3 (Groundball, 6)
|
Bottom of the 4th over - 0 run(s), 1 hit(s), 0 error(s), 0 left on base; Gresham 0 - Albuquerque 2 |
TOP OF THE 5TH |
Gresham Gold Souls batting - Pitching for Albuquerque Isotopes : RHP César De La Cruz
|
Batting: RHB Pablo Castillo
|
0-0: Ball 1-0: Ground out 5-3 (Groundball, 56)
|
Batting: RHB Matt Davidson
|
0-0: Ball 1-0: Called Strike 1-1: Foul Ball, location: 2F 1-2: Ball 2-2: Ball 3-2: Foul Ball, location: 2F 3-2: Fly out, F9 (Flyball, 9D)
|
Batting: SHB Todd Smith
|
0-0: Ball 1-0: Ball 2-0: Ball 3-0: Called Strike 3-1: Swinging Strike 3-2: Base on Balls
|
Batting: LHB Jeff Doss
|
0-0: Called Strike 0-1: Ball 1-1: Swinging Strike 1-2: Ball 2-2: Ball 3-2: SINGLE (Line Drive, 4MD) Todd Smith to second Todd Smith to third
|
Batting: RHB Jesús Gutiérrez
|
0-0: Ball 1-0: Ball 2-0: Ball 3-0: Called Strike 3-1: Foul Ball, location: 2F 3-2: Base on Balls Jeff Doss to second
|
Batting: LHB Bill Smith
|
0-0: Called Strike 0-1: Ball 1-1: Ball 2-1: Ball 3-1: Ground out 5-3 (Groundball, 56S)
|
Top of the 5th over - 0 run(s), 1 hit(s), 0 error(s), 3 left on base; Gresham 0 - Albuquerque 2 |
BOTTOM OF THE 5TH |
Albuquerque Isotopes batting - Pitching for Gresham Gold Souls : RHP José González
|
Batting: RHB Juan Alberto
|
0-0: Ball 1-0: Swinging Strike 1-1: Ball 2-1: Foul Ball, location: 2F 2-2: Ball 3-2: Ground out 5-3 (Groundball, 5)
|
Batting: LHB Fernando Ortíz
|
0-0: Ball 1-0: Ball 2-0: Foul Ball, location: 2F 2-1: Fly out, F5 (Flyball, 5D)
|
Batting: LHB Bob Smith
|
0-0: Ball 1-0: Ball 2-0: Ball 3-0: Base on Balls
|
Batting: RHB Dave Mullen
|
0-0: Fly out, F9 (Flyball, 9LSF)
|
Bottom of the 5th over - 0 run(s), 0 hit(s), 0 error(s), 1 left on base; Gresham 0 - Albuquerque 2 |
TOP OF THE 6TH |
Gresham Gold Souls batting - Pitching for Albuquerque Isotopes : RHP César De La Cruz
|
Batting: RHB Peter Hensley
|
0-0: Ball 1-0: Called Strike 1-1: Foul Ball, location: 2F 1-2: Strikes out swinging
|
Batting: RHB Lorenzo Morín
|
0-0: Called Strike 0-1: Foul Ball, location: 2F 0-2: Foul Ball, location: 2F 0-2: Strikes out swinging
|
Batting: RHB Luke McIndoe
|
0-0: Ball 1-0: Foul Ball, location: 2F 1-1: Ground out 1-3 (Groundball, P)
|
Top of the 6th over - 0 run(s), 0 hit(s), 0 error(s), 0 left on base; Gresham 0 - Albuquerque 2 |
BOTTOM OF THE 6TH |
Albuquerque Isotopes batting - Pitching for Gresham Gold Souls : RHP José González
|
Pitching: RHP Raúl Contreras
|
|
Batting: LHB António De Los Ángeles
|
0-0: Foul Ball, location: 2F 0-1: Ball 1-1: Foul Ball, location: 2F 1-2: Strikes out looking
|
Batting: LHB Bernardo Montés
|
0-0: Ball 1-0: Fly out, F7 (Flyball, 7)
|
Batting: LHB Mark Vestal
|
0-0: Called Strike 0-1: Foul Ball, location: 2F 0-2: Strikes out swinging
|
Bottom of the 6th over - 0 run(s), 0 hit(s), 0 error(s), 0 left on base; Gresham 0 - Albuquerque 2 |
TOP OF THE 7TH |
Gresham Gold Souls batting - Pitching for Albuquerque Isotopes : RHP César De La Cruz
|
Batting: RHB Pablo Castillo
|
0-0: Called Strike 0-1: Ball 1-1: Ball 2-1: Ground out 1-3 (Groundball, P)
|
Batting: RHB Matt Davidson
|
0-0: Ball 1-0: Fly out, F7 (Flyball, 78S)
|
Batting: SHB Todd Smith
|
0-0: Ball 1-0: Foul Ball, location: 2F 1-1: Foul Ball, location: 2F 1-2: Fly out, F8 (Flyball, 8LS)
|
Top of the 7th over - 0 run(s), 0 hit(s), 0 error(s), 0 left on base; Gresham 0 - Albuquerque 2 |
BOTTOM OF THE 7TH |
Albuquerque Isotopes batting - Pitching for Gresham Gold Souls : RHP Raúl Contreras
|
Batting: RHB Lorenzo Ayala
|
0-0: Ball 1-0: Ball 2-0: Ball 3-0: Base on Balls
|
Batting: RHB Gonzalo Gil
|
0-0: Ball 1-0: Swinging Strike 1-1: Ball 2-1: Foul Ball, location: 2F 2-2: Strikes out looking
|
Batting: RHB Juan Alberto
|
Pickoff Throw to First - Error! E1 Lorenzo Ayala to second 0-0: Called Strike Throwing error on steal attempt, E2 Lorenzo Ayala scores 0-1: Swinging Strike 0-2: Foul Ball, location: 2F 0-2: Ball 1-2: Strikes out looking
|
Batting: LHB Fernando Ortíz
|
0-0: Called Strike 0-1: Ball 1-1: Swinging Strike 1-2: Ball 2-2: DOUBLE (Groundball, 3L)
|
Batting: LHB Bob Smith
|
0-0: Ball 1-0: Ball 2-0: Called Strike 2-1: Ball 3-1: Swinging Strike 3-2: Fly out, F7 (Line Drive, 7)
|
Bottom of the 7th over - 1 run(s), 1 hit(s), 2 error(s), 1 left on base; Gresham 0 - Albuquerque 3 |
TOP OF THE 8TH |
Gresham Gold Souls batting - Pitching for Albuquerque Isotopes : RHP César De La Cruz
|
Batting: LHB Jeff Doss
|
0-0: Ball 1-0: Ball 2-0: Foul Ball, location: 2F 2-1: Called Strike 2-2: Foul Ball, location: 2F 2-2: Foul Ball, location: 2F 2-2: Fly out, F8 (Flyball, 8LM)
|
Batting: RHB Jesús Gutiérrez
|
0-0: Ball 1-0: Ball 2-0: Called Strike 2-1: Foul Ball, location: 2F 2-2: Foul Ball, location: 2F 2-2: SINGLE (Line Drive, 78S)
|
Batting: LHB Bill Smith
|
0-0: Foul Ball, location: 2F 0-1: Ball 1-1: Called Strike 1-2: Foul Ball, location: 2F 1-2: Strikes out swinging
|
Pitching: RHP Kenny Skinner
|
|
Batting: RHB Peter Hensley
|
0-0: Ball 1-0: Called Strike 1-1: Foul Ball, location: 2F 1-2: Ball 2-2: Ball 3-2: Base on Balls Jesús Gutiérrez to second
|
Pitching: RHP Manny Muńóz
|
|
Batting: RHB Lorenzo Morín
|
0-0: Called Strike 0-1: Fly out, F9 (Flyball, 9LSF)
|
Top of the 8th over - 0 run(s), 1 hit(s), 0 error(s), 2 left on base; Gresham 0 - Albuquerque 3 |
BOTTOM OF THE 8TH |
Albuquerque Isotopes batting - Pitching for Gresham Gold Souls : RHP Raúl Contreras
|
Batting: RHB Dave Mullen
|
0-0: SOLO HOME RUN (Flyball, 7D), Distance : 386 ft
|
Pitching: RHP León Trevino
|
|
Batting: LHB António De Los Ángeles
|
0-0: Ball 1-0: Ground out 4-3 (Groundball, 4)
|
Batting: LHB Bernardo Montés
|
0-0: Ball 1-0: Ball 2-0: SOLO HOME RUN (Line Drive, 8LXD), Distance : 433 ft
|
Batting: LHB Mark Vestal
|
0-0: Swinging Strike 0-1: Swinging Strike 0-2: Ball 1-2: Strikes out swinging
|
Batting: RHB Lorenzo Ayala
|
0-0: Called Strike 0-1: Called Strike 0-2: Ball 1-2: Strikes out swinging
|
Bottom of the 8th over - 2 run(s), 2 hit(s), 0 error(s), 0 left on base; Gresham 0 - Albuquerque 5 |
TOP OF THE 9TH |
Gresham Gold Souls batting - Pitching for Albuquerque Isotopes : RHP Manny Muńóz
|
Batting: RHB Luke McIndoe
|
0-0: Called Strike 0-1: Ball 1-1: Ball 2-1: Swinging Strike 2-2: Reached on error, E4 (Groundball, 4)
|
Batting: RHB Pablo Castillo
|
0-0: Ball 1-0: Ball 2-0: Ball 3-0: Called Strike 3-1: Base on Balls Luke McIndoe to second
|
Batting: RHB Matt Davidson
|
0-0: Ball 1-0: Foul Ball, location: 2F 1-1: Foul Ball, location: 2F 1-2: Ball 2-2: Ball 3-2: DOUBLE (Line Drive, 7LS) Luke McIndoe scores Pablo Castillo to third
|
Batting: SHB Todd Smith
|
0-0: Ground out 6-3 (Groundball, 6) Pablo Castillo scores
|
Batting: LHB Jeff Doss
|
0-0: Ball 1-0: Ball 2-0: Ball 3-0: Foul Ball, location: 2F 3-1: Base on Balls
|
Pinch Hitting: LHB Millard Dye
|
0-0: Called Strike 0-1: Ball 1-1: SINGLE (Flyball, 9LS) Matt Davidson to third Jeff Doss to second Runner from 3rd tries for Home, SAFE, throw made home
|
Pinch Runner at 2nd Jeff McKinney:
|
|
Batting: LHB Bill Smith
|
0-0: Called Strike 0-1: Ball 1-1: Foul Ball, location: 2F 1-2: Ball 2-2: Foul Ball, location: 2F 2-2: Ball 3-2: Base on Balls Jeff McKinney to third Millard Dye to second
|
Batting: RHB Peter Hensley
|
0-0: Ball 1-0: Called Strike 1-1: SINGLE (Groundball, 34) (infield hit) Jeff McKinney scores Millard Dye to third Bill Smith to second
|
Batting: RHB Lorenzo Morín
|
0-0: Grounds into double play, 5-2-3 (Groundball, 5)
|
Top of the 9th over - 4 run(s), 3 hit(s), 1 error(s), 2 left on base; Gresham 4 - Albuquerque 5 |
|